[ AOE2 MATCH · #508077989 ]
UnrankedItalians vs Mongols
Player's team · WIN
Rival team · LOSS
[ REPLAY ANALYSIS · EXTRACTED FROM THE RECORDED GAME ]
Feudal
10:32
Castle
22:04
Imperial
34:17
| APM avg | 40.0 |
| APM peak | 70 |
| eAPM avg | 18.6 |
| Villagers / military | 86 / 40 |
Focus
⚔️ 20.7% · 🌾 79.3%
Genoese Crossbowman ×36 · Mangonel ×2 · Trebuchet (Packed) ×2
Feudal
7:52
Castle
21:19
Imperial
39:17
| APM avg | 16.7 |
| APM peak | 48 |
| eAPM avg | 13.2 |
| Villagers / military | 84 / 53 |
Focus
⚔️ 42.4% · 🌾 57.6%
Skirmisher ×18 · Battering Ram ×8 · Mangonel ×6 · Spearman ×5 · Mangudai ×4 · Archer ×3
Match map
Initial resources + every placement click. Lines = walls · curves = elevation contours. ◆ gold · ⬟ stone · ● berries · ✦ relic · ◌ wall gap
Your base· ✓ Closed at 22:04 · 8t walls · 3 gate(s)
SammyDiamonds's base· ✓ Closed at 21:19 · 7t walls · 2 gate(s)
Smoothed initial terrain · ◌ = detected wall gap · hover for details
Inputs per minute
— abhishekchopra.ubs - - SammyDiamonds
Build order — abhishekchopra.ubs
First 150 of 233 actions detected
| 0:01 | Queue | Villager (Male) ×4 |
| 0:04 | Build | House |
| 0:05 | Build | House |
| 1:24 | Queue | Villager (Male) |
| 1:47 | Build | Lumber Camp |
| 2:03 | Queue | Villager (Male) |
| 2:14 | Queue | Villager (Male) |
| 2:39 | Queue | Villager (Male) |
| 3:13 | Queue | Villager (Male) |
| 3:34 | Queue | Villager (Male) |
| 3:41 | Build | House |
| 4:06 | Queue | Villager (Male) |
| 4:16 | Queue | Villager (Male) |
| 4:54 | Queue | Villager (Male) |
| 5:04 | Queue | Villager (Male) |
| 5:38 | Queue | Villager (Male) |
| 5:47 | Build | House |
| 5:52 | Queue | Villager (Male) |
| 6:15 | Queue | Villager (Male) |
| 6:36 | Queue | Villager (Male) |
| 6:47 | Build | Mill |
| 6:49 | Queue | Villager (Male) |
| 7:28 | Build | Farm |
| 7:34 | Build | Farm |
| 7:36 | Build | Farm |
| 7:56 | Queue | Villager (Male) |
| 8:05 | Build | Mining Camp |
| 8:12 | Research | Feudal Age |
| 8:58 | Build | Mining Camp |
| 9:03 | Research | Loom |
| 9:10 | Build | House |
| 9:13 | Build | House |
| 10:20 | Build | House |
| 10:21 | Build | House |
| 10:28 | Build | Palisade Wall |
| 10:32 | Age | Feudal Age |
| 10:35 | Build | Watch Tower |
| 10:47 | Queue | Villager (Male) |
| 10:49 | Queue | Villager (Male) |
| 10:59 | Build | Blacksmith |
| 11:09 | Queue | Villager (Male) |
| 11:27 | Build | House |
| 11:33 | Build | Palisade Wall |
| 11:38 | Build | Palisade Wall |
| 11:41 | Build | Palisade Wall |
| 11:46 | Build | Palisade Wall |
| 11:47 | Build | Palisade Wall |
| 12:06 | Queue | Villager (Male) |
| 12:29 | Queue | Villager (Male) |
| 12:29 | Queue | Villager (Male) |
| 12:32 | Build | Market |
| 12:35 | Queue | Villager (Male) |
| 12:47 | Build | Watch Tower |
| 12:55 | Queue | Villager (Male) |
| 12:58 | Research | Fletching |
| 12:58 | Research | Fletching |
| 13:09 | Queue | Villager (Male) |
| 13:15 | Build | Farm |
| 13:39 | Build | Farm |
| 13:52 | Queue | Villager (Male) |
| 13:54 | Queue | Villager (Male) |
| 14:03 | Queue | Villager (Male) |
| 14:28 | Build | Farm |
| 14:31 | Build | Farm |
| 14:34 | Build | Farm |
| 14:52 | Build | Farm |
| 15:11 | Build | Farm |
| 15:25 | Queue | Villager (Male) |
| 15:42 | Queue | Villager (Male) |
| 15:46 | Build | Farm |
| 16:15 | Build | Farm |
| 16:18 | Build | Farm |
| 16:42 | Queue | Villager (Male) |
| 16:46 | Build | Farm |
| 17:09 | Queue | Villager (Male) |
| 17:42 | Queue | Villager (Male) |
| 17:43 | Queue | Villager (Male) |
| 17:48 | Build | Mill |
| 17:48 | Build | Farm |
| 17:52 | Build | Farm |
| 17:56 | Build | Watch Tower |
| 18:34 | Queue | Villager (Male) |
| 18:48 | Queue | Villager (Male) |
| 19:14 | Research | Castle Age |
| 19:14 | Research | Castle Age |
| 19:57 | Build | House |
| 19:59 | Build | House |
| 20:00 | Build | House |
| 20:05 | Build | Stone Wall |
| 20:44 | Research | Double-Bit Axe |
| 20:44 | Research | Double-Bit Axe |
| 20:46 | Research | Horse Collar |
| 20:46 | Research | Horse Collar |
| 20:51 | Research | Gold Mining |
| 22:04 | Age | Castle Age |
| 22:07 | Build | Palisade Gate |
| 22:11 | Build | Castle |
| 22:16 | Build | Siege Workshop |
| 22:20 | Queue | Villager (Male) |
| 22:30 | Build | Town Center |
| 22:32 | Queue | Villager (Male) |
| 22:43 | Queue | Villager (Male) |
| 23:05 | Build | Mining Camp |
| 23:34 | Queue | Villager (Male) |
| 24:12 | Build | Stone Wall |
| 24:13 | Build | Stone Wall |
| 24:27 | Research | Bodkin Arrow |
| 24:27 | Research | Bodkin Arrow |
| 24:39 | Queue | Villager (Male) |
| 24:39 | Queue | Villager (Male) |
| 24:45 | Queue | Mangonel |
| 24:58 | Build | House |
| 25:06 | Build | House |
| 25:10 | Build | House |
| 25:13 | Build | Palisade Wall |
| 25:21 | Queue | Genoese Crossbowman |
| 25:21 | Queue | Genoese Crossbowman |
| 25:22 | Queue | Genoese Crossbowman |
| 25:35 | Queue | Villager (Male) |
| 25:37 | Queue | Genoese Crossbowman |
| 26:16 | Build | Watch Tower |
| 26:28 | Queue | Genoese Crossbowman |
| 26:28 | Queue | Genoese Crossbowman |
| 26:44 | Build | Farm |
| 26:47 | Build | Farm |
| 26:47 | Build | Farm |
| 26:47 | Build | Farm |
| 26:48 | Build | Farm |
| 26:48 | Build | Farm |
| 26:48 | Build | Farm |
| 26:58 | Queue | Villager (Male) |
| 27:14 | Queue | Mangonel |
| 27:21 | Build | House |
| 27:41 | Build | Mill |
| 27:42 | Build | Farm |
| 27:43 | Build | Farm |
| 27:43 | Build | Farm |
| 27:43 | Build | Farm |
| 27:44 | Build | Farm |
| 27:45 | Queue | Villager (Male) |
| 28:32 | Queue | Villager (Male) |
| 28:32 | Queue | Villager (Male) |
| 28:35 | Queue | Villager (Male) |
| 28:59 | Queue | Villager (Male) |
| 28:59 | Queue | Villager (Male) |
| 29:04 | Build | Farm |
| 29:23 | Build | Farm |
| 29:46 | Build | Lumber Camp |
| 29:47 | Queue | Villager (Male) |
| 29:52 | Queue | Villager (Male) |
Build order — SammyDiamonds
First 150 of 223 actions detected
| 0:01 | Queue | Villager (Male) |
| 0:02 | Queue | Villager (Male) |
| 0:02 | Queue | Villager (Male) |
| 0:04 | Build | House |
| 0:06 | Build | House |
| 0:25 | Queue | Villager (Male) |
| 1:35 | Queue | Villager (Male) |
| 1:37 | Research | Loom |
| 2:08 | Queue | Villager (Male) |
| 2:16 | Build | Lumber Camp |
| 2:34 | Queue | Villager (Male) |
| 2:35 | Queue | Villager (Male) |
| 2:35 | Queue | Villager (Male) |
| 3:00 | Build | House |
| 3:21 | Queue | Villager (Male) |
| 3:52 | Queue | Villager (Male) |
| 3:53 | Queue | Villager (Male) |
| 4:21 | Queue | Villager (Male) |
| 4:48 | Build | Mill |
| 4:57 | Research | Loom |
| 5:42 | Research | Feudal Age |
| 6:09 | Build | House |
| 7:33 | Queue | Villager (Male) |
| 7:33 | Queue | Villager (Male) |
| 7:52 | Age | Feudal Age |
| 8:11 | Build | Watch Tower |
| 8:22 | Build | Palisade Wall |
| 8:24 | Build | Palisade Wall |
| 8:26 | Build | Palisade Wall |
| 8:28 | Build | Palisade Wall |
| 8:30 | Build | Palisade Wall |
| 8:31 | Build | Palisade Wall |
| 8:32 | Build | Palisade Wall |
| 8:37 | Queue | Villager (Male) |
| 8:38 | Queue | Villager (Male) |
| 8:40 | Research | Double-Bit Axe |
| 9:27 | Queue | Villager (Male) |
| 9:27 | Queue | Villager (Male) |
| 9:45 | Queue | Villager (Male) |
| 9:51 | Build | Blacksmith |
| 9:54 | Build | House |
| 10:00 | Queue | Villager (Male) |
| 10:52 | Queue | Villager (Male) |
| 10:58 | Build | Mining Camp |
| 11:00 | Queue | Villager (Male) |
| 11:10 | Build | Outpost |
| 11:32 | Queue | Villager (Male) |
| 12:39 | Build | Watch Tower |
| 12:49 | Queue | Villager (Male) |
| 12:49 | Queue | Villager (Male) |
| 12:52 | Research | Fletching |
| 12:59 | Build | Farm |
| 13:34 | Queue | Villager (Male) |
| 13:35 | Queue | Villager (Male) |
| 13:48 | Build | House |
| 13:50 | Build | Market |
| 14:15 | Build | Watch Tower |
| 14:22 | Queue | Villager (Male) |
| 14:23 | Queue | Villager (Male) |
| 14:40 | Build | House |
| 14:45 | Build | Mining Camp |
| 15:20 | Queue | Villager (Male) |
| 15:21 | Queue | Villager (Male) |
| 15:28 | Build | Farm |
| 15:30 | Build | Farm |
| 15:31 | Build | Farm |
| 15:33 | Build | Farm |
| 15:34 | Build | Farm |
| 15:36 | Build | Farm |
| 15:37 | Build | Farm |
| 15:40 | Build | Farm |
| 15:44 | Queue | Villager (Male) |
| 16:04 | Build | Watch Tower |
| 16:18 | Queue | Villager (Male) |
| 16:29 | Build | Farm |
| 16:38 | Build | Farm |
| 17:21 | Queue | Villager (Male) |
| 17:22 | Queue | Villager (Male) |
| 17:42 | Build | Watch Tower |
| 18:39 | Research | Castle Age |
| 19:54 | Build | House |
| 19:58 | Build | Barracks |
| 20:08 | Research | Horse Collar |
| 20:11 | Queue | Villager (Male) |
| 20:12 | Queue | Villager (Male) |
| 21:00 | Queue | Villager (Male) |
| 21:19 | Age | Castle Age |
| 21:26 | Build | Siege Workshop |
| 21:30 | Queue | Villager (Male) |
| 21:36 | Build | House |
| 21:43 | Build | Stable |
| 21:47 | Research | Bow Saw |
| 21:49 | Research | Bodkin Arrow |
| 21:51 | Queue | Villager (Male) |
| 22:07 | Queue | Villager (Male) |
| 22:25 | Queue | Mangonel |
| 22:27 | Queue | Villager (Male) |
| 22:44 | Build | University |
| 22:49 | Queue | Steppe Lancer |
| 22:50 | Queue | Steppe Lancer |
| 22:59 | Queue | Villager (Male) |
| 23:35 | Research | Guard Tower (upgrade) |
| 23:40 | Queue | Steppe Lancer |
| 23:41 | Queue | Villager (Male) |
| 24:22 | Queue | Mangonel |
| 24:23 | Queue | Villager (Male) |
| 25:16 | Queue | Villager (Male) |
| 25:20 | Build | House |
| 25:55 | Build | Watch Tower |
| 25:57 | Queue | Villager (Male) |
| 26:29 | Queue | Villager (Male) |
| 26:39 | Queue | Villager (Male) |
| 26:51 | Build | Archery Range |
| 27:09 | Build | Mining Camp |
| 27:11 | Queue | Villager (Male) |
| 27:16 | Queue | Battering Ram |
| 27:26 | Queue | Spearman |
| 27:27 | Queue | Spearman |
| 27:27 | Queue | Spearman |
| 27:32 | Build | Farm |
| 27:39 | Build | House |
| 27:41 | Build | House |
| 27:55 | Build | House |
| 28:01 | Queue | Archer |
| 28:01 | Queue | Archer |
| 28:02 | Queue | Archer |
| 28:11 | Queue | Villager (Male) |
| 28:12 | Queue | Villager (Male) |
| 28:21 | Queue | Battering Ram |
| 28:38 | Queue | Villager (Male) |
| 28:40 | Queue | Spearman |
| 28:42 | Queue | Spearman |
| 29:10 | Queue | Battering Ram |
| 29:15 | Queue | Villager (Male) |
| 29:36 | Queue | Villager (Male) |
| 29:47 | Queue | Knight |
| 29:47 | Queue | Knight |
| 29:58 | Queue | Villager (Male) |
| 30:03 | Queue | Battering Ram |
| 30:12 | Queue | Villager (Male) |
| 30:17 | Queue | Knight |
| 30:22 | Queue | Villager (Male) |
| 30:49 | Build | Castle |
| 31:07 | Queue | Battering Ram |
| 31:09 | Queue | Villager (Male) |
| 31:10 | Queue | Villager (Male) |
| 31:13 | Build | House |
| 31:14 | Build | House |
| 31:15 | Build | House |
| 31:21 | Build | Town Center |
Match timeline
| 7:52 | SammyDiamonds · age_up feudal |
| 8:22 | SammyDiamonds · wall_segment Palisade Wall x1 |
| 8:24 | SammyDiamonds · wall_segment Palisade Wall x1 |
| 8:26 | SammyDiamonds · wall_segment Palisade Wall x1 |
| 8:28 | SammyDiamonds · wall_segment Palisade Wall x1 |
| 8:30 | SammyDiamonds · wall_segment Palisade Wall x1 |
| 8:31 | SammyDiamonds · wall_segment Palisade Wall x1 |
| 8:32 | SammyDiamonds · wall_segment Palisade Wall x1 |
| 10:28 | abhishekchopra.ubs · wall_segment Palisade Wall x1 |
| 10:32 | abhishekchopra.ubs · age_up feudal |
| 11:33 | abhishekchopra.ubs · wall_segment Palisade Wall x1 |
| 11:38 | abhishekchopra.ubs · wall_segment Palisade Wall x1 |
| 11:41 | abhishekchopra.ubs · wall_segment Palisade Wall x1 |
| 11:46 | abhishekchopra.ubs · wall_segment Palisade Wall x1 |
| 11:47 | abhishekchopra.ubs · wall_segment Palisade Wall x1 |
| 17:29 | SammyDiamonds · first_market_sell 100 wood |
| 18:00 | SammyDiamonds · first_market_buy 100 food |
| 19:04 | abhishekchopra.ubs · first_market_sell 100 stone |
| 19:58 | SammyDiamonds · first_building Barracks |
| 20:05 | abhishekchopra.ubs · wall_segment Stone Wall x2 |
| 21:19 | SammyDiamonds · age_up castle |
| 21:26 | SammyDiamonds · first_building Siege Workshop |
| 21:43 | SammyDiamonds · first_building Stable |
| 22:04 | abhishekchopra.ubs · age_up castle |
| 22:11 | abhishekchopra.ubs · first_building Castle |
| 22:16 | abhishekchopra.ubs · first_building Siege Workshop |
| 24:12 | abhishekchopra.ubs · wall_segment Stone Wall x1 |
| 24:13 | abhishekchopra.ubs · wall_segment Stone Wall x7 |
| 25:13 | abhishekchopra.ubs · wall_segment Palisade Wall x1 |
| 26:51 | SammyDiamonds · first_building Archery Range |
| 30:49 | SammyDiamonds · first_building Castle |
| 34:17 | abhishekchopra.ubs · age_up imperial |
| 39:17 | SammyDiamonds · age_up imperial |
| 40:28 | SammyDiamonds · resign |
[ AI ANALYSIS · 1 CREDIT ]
What really happened in this match?
Wolo.gg analyzes every decision: build order, eco, micro, common mistakes by bracket. Personalized analysis on WhatsApp or Discord in 30 seconds.
Civ guide
Italians
Perfil
abhishekchopra.ubs